 Dungeon Crawl Stone Soup version 0.31-a0-229-g1fc7ce93e2 (webtiles) character file.

Game seed: 14498128495541020415

56 lunkers the Cudgeller (level 4, -2/33 HPs)
             Began as a Meteoran Wanderer on July 6, 2023.
             Killed from afar by an orc wizard (9 damage)
             ... with a magic dart
             ... on level 4 of the Dungeon.
             The game lasted 00:04:00 (1232 turns).

lunkers the Cudgeller (Meteoran Wanderer)           Turns: 1232, Time: 00:04:00

Health: -2/33      AC:  8    Str: 14    XL:     4   Next: 39%
Magic:  9/9        EV:  9    Int: 17    God:
Gold:   163        SH:  0    Dex: 11    Spells: 8/8 levels left

rFire   . . .        a - +0 club
rCold   . . .        (no shield)
rNeg    . . .        c - +1 scale mail
rPois   .            (no helmet)
rElec   .            (no cloak)
rCorr   .            (no gloves)
SInv    .            g - +0 pair of boots
Will    .....        (no amulet) Stlth
                     (no ring)
HPRegen 0.25/turn    (no ring)
MPRegen 0.11/turn

%: no passive effects
@: confused, glowing
A: sense surroundings 1, otherworldly, glowing, explore regen
a: no special abilities


You were on level 4 of the Dungeon.
You visited 1 branch of the dungeon, and saw 4 of its levels.

You collected 163 gold pieces.

Inventory:

Hand Weapons
 a - a +0 club (weapon)
Armour
 c - a +1 scale mail (worn)
 g - a +0 pair of boots (worn)
Scrolls
 b - a scroll of fear
 h - a scroll of teleportation
 k - a scroll of revelation {unknown}
Potions
 d - a potion of curing {unknown}
 e - a potion of mutation {unknown}
 f - a potion of invisibility {unknown}
 i - a potion of attraction {unknown}
 j - a potion of degeneration {unknown}


   Skills:
 + Level 4.6 Maces & Flails
 - Level 2.4 Armour
 - Level 1.0 Stealth
 - Level 2.6 Spellcasting
 - Level 1.2 Conjurations
 - Level 2.4 Translocations
 - Level 2.4 Evocations


You had 8 spell levels left.
You didn't know any spells.
Your spell library contained the following spells:

 Spells                   Type           Power      Damage    Failure   Level
 Apportation              Tloc           20%        N/A       28%         1
 Lesser Beckoning         Tloc           20%        N/A       38%         2
 Kiss of Death            Conj/Necr      16%        2d6       52%         1
 Shock                    Conj/Air       16%        1d4       52%         1
 Volatile Blastmotes      Fire/Tloc      12%        2d11      80%         3
 Mephitic Cloud           Conj/Pois/Air  3%         N/A       89%         3


Dungeon Overview and Level Annotations

Branches:
Dungeon (4/15) Zot: 1140
 Temple: D:4-7

Altars:

Shops:
D:4 [!


Innate Abilities, Weirdness & Mutations

You passively map a small area around you.
You are easily found by Zot.
You glow in the dark.
You regain HP and MP as you explore.


Message History

You bump into the rock wall.
The orc wizard hits you but does no damage.
You bump into the rock wall.
The orc wizard hits you with a +0 dagger.
You closely miss the orc wizard.
The orc wizard is moderately wounded.
The orc wizard hits you with a +0 dagger.
* * * LOW HITPOINT WARNING * * *
You hit the orc wizard but do no damage.
The orc wizard is moderately wounded.
The orc wizard gestures at you while chanting.
The magic dart hits you!
* * * LOW HITPOINT WARNING * * *
The orc wizard points at you and mumbles some strange words.
The magic dart hits you.
* * * LOW HITPOINT WARNING * * *
You bump into the rock wall.
The orc wizard barely misses you.
You miss the orc wizard.
The orc wizard is moderately wounded.
You hit the orc wizard.
The orc wizard is moderately wounded.
The orc wizard completely misses you.
You're too confused to move!
Something hits you but does no damage. The orc wizard casts a spell at you.
The magic dart hits you.
* * * LOW HITPOINT WARNING * * *
You completely miss something. The orc wizard casts a spell at you.
You are more confused.
Something hits you but does no damage.
The orc wizard attacks as you move away!
The orc wizard hits you but does no damage.
You hear some strange, mumbled words.
You are more confused.
The orc wizard casts a spell at you.
You are more confused.
Something hits you but does no damage.
The orc wizard points at you and mumbles some strange words.
The magic dart hits you!
You die...

* * .#.#..##.##.##..#
.#.#............# *
###.#.#.#.#....##.#*
#.###...#.#..∩........##
#o......#.###.#..#......
* #.#*#.##..#..#.##.## *
#)# #....##..#.#...#
*##)#####..##..#...... *
#o..@.........#......
#..#####.............
.....# #.######......
#####.. ,,#.# ##.....
### * #.# ###...#
,#.######....## *
#.....)..#..#
,########....# ##..#..


You could see an orc wizard.

Vanquished Creatures
  2 adders
  7 orcs
  3 bats
  4 endoplasms
  2 giant cockroaches (D:1)
  A hobgoblin (D:3)
  A quokka (D:2)
  3 ball pythons (D:3)
  2 frilled lizards
  5 kobolds
  2 rats
32 creatures vanquished.

Notes
Turn   | Place    | Note
-------+----------+-------------------------------------------
     0 | D:1      | lunkers the Meteoran Wanderer began the quest for the Orb.
     0 | D:1      | lunkers set off with the following items: a +0 club, a
                  | scroll of fear, a +0 scale mail; and the following spells
                  | available to memorise: Apportation, Lesser Beckoning, Kiss
                  | of Death, Volatile Blastmotes, Mephitic Cloud.
     0 | D:1      | Reached XP level 1. HP: 14/14 MP: 5/5
   251 | D:1      | Reached skill level 1 in Maces & Flails
   323 | D:1      | Reached XP level 2. HP: 20/20 MP: 6/6
   333 | D:1      | Reached skill level 2 in Maces & Flails
   611 | D:2      | Reached skill level 3 in Maces & Flails
   611 | D:2      | Reached XP level 3. HP: 17/26 MP: 8/8
   805 | D:3      | Found a faded altar of an unknown god.
   812 | D:3      | Got Plato's Notes on Assaults
   893 | D:3      | Reached skill level 4 in Maces & Flails
   963 | D:3      | Reached XP level 4. HP: 29/33 MP: 9/9
  1117 | D:4      | Found Eduxio's Antique Armour Emporium.
  1139 | D:4      | Identified the +1 halberd of Moral Flaws {venom, Drain rF++
                  | Int+4 SInv}
  1141 | D:4      | Found Idweah's Distillery.
  1232 | D:4      | Killed from afar by an orc wizard

Illustrated notes

Levels and vault maps discovered:
D:1:      minmay_arrival_widening_spiral_narrow, layout_loops_ring,
          minmay_pentomino_t4
D:2:      minmay_roachtagon, layout_loops_corners, nicolae_eternal_life,
          uniq_natasha
D:3:      minmay_octagon_keep, layout_loops_ring,
          shapermc_ecumenical_altar_rom_forum, chequers_serial_rivers_micro_d,
          amcnicky_mini_rare_corridor_liquid, minmay_misc_feat_alley,
          hangedman_abyss_or_decor_lesser_grid
D:4:      layout_loops_ring, grunt_temple_overflow_bloody_war,
          lemuel_mausoleum_altar_kikubaaqudgha, grunt_temple_overflow_open,
          gammafunk_ghost_gnarly_gnolls, serial_shops, nicolae_shop_crystal,
          kennysheep_little_box, kennysheep_mini, shop, shop,
          minmay_misc_feat_encased, uniq_blork_the_orc, uniq_pikel

Skill      XL: |  1  2  3 |
---------------+----------+-----
Maces & Flails | 1 3 4 |  4.6
Armour         | |  2.4
Stealth        | |  1.0
Spellcasting   | |  2.6
Conjurations   | |  1.2
Translocations | |  2.4
Evocations     | |  2.4

Action                     |  1- 3 |  4- 6 || total
---------------------------+-------+-------++-------
  Melee: Club              |   151 |    57 ||   208
    Use: Scroll            |     4 |       ||     4
 Armour: Scale mail        |    93 |    31 ||   124
  Dodge: Dodged            |    51 |    22 ||    73

Table legend: (Time is in decaauts)
 A = Elapsed time spent in this place.
 B = Non-inter-level travel time spent in this place.
 C = Inter-level travel time spent in this place.
 D = Time resting spent in this place.
 E = Time spent auto-exploring this place.
 F = Levels seen in this place.
 G = Mean time per level.
                   A        B        C        D        E       F      G
               +--------+--------+--------+--------+--------+-----+--------+
         Total |   1258 |   1258 |      0 |      0 |    798 |   4 |  314.5 |
       Dungeon |   1258 |   1258 |      0 |      0 |    798 |   4 |  314.5 |
               +--------+--------+--------+--------+--------+-----+--------+

Top non-repeatable levels by time:
     D:3: 445 daAuts
     D:1: 360 daAuts
     D:2: 334 daAuts
     D:4: 118 daAuts
